 Dungeon Crawl Stone Soup version 0.28.0-45-g0d030f2227 (webtiles) character file.

Game seed: 4880275314846592894

98 Zeld the Gusty (level 4, -4/24 HPs)
             Began as a Tengu Air Elementalist on Apr 7, 2022.
             Killed from afar by a white imp (6 damage)
             ... with a puff of frost
             ... summoned by Natasha
             ... on level 4 of the Dungeon.
             The game lasted 00:05:57 (3921 turns).

Zeld the Gusty (Tengu Air Elementalist)             Turns: 3921, Time: 00:05:58

Health: -4/24      AC:  2    Str:  8    XL:     4   Next: 71%
Magic:  2/9        EV: 12    Int: 18    God:
Gold:   87         SH:  0    Dex: 14    Spells: 2/8 levels left

rFire   . . .      SeeInvis .   (no weapon)
rCold   . . .      Faith    .   (no shield)
rNeg    . . .      Spirit   .   a - +0 robe
rPois   .          Reflect  .   (helmet restricted)
rElec   .          Harm     .   (no cloak)
rCorr   .          Rampage  .   (no gloves)
Will    .....                   (boots unavailable)
Stlth   ++........              (no amulet)
HPRegen 0.08/turn               (no ring)
MPRegen 0.11/turn               (no ring)

@: no status effects
A: beak, talons 3
a: no special abilities


You were on level 4 of the Dungeon.
You visited 1 branch of the dungeon, and saw 4 of its levels.

You collected 87 gold pieces.

Inventory:

Armour
 a - a +0 robe (worn)
Scrolls
 b - 2 scrolls of identify {unknown}
 c - a scroll of enchant weapon {unknown}
 h - a scroll of summoning {unknown}
 j - a scroll of amnesia {unknown}
Potions
 d - a potion of curing {unknown}
 e - a potion of mutation {unknown}
 f - a potion of lignification {unknown}
 g - 2 potions of ambrosia {unknown}
 i - a potion of invisibility {unknown}
 k - a potion of brilliance {unknown}
 l - a potion of cancellation {unknown}


   Skills:
 + Level 2.8 Dodging
 + Level 2.5 Stealth
 * Level 2.9 Spellcasting
 + Level 2.2 Conjurations
 * Level 5.1 Air Magic


You had 2 spell levels left.
You knew the following spells:

 Your Spells              Type           Power      Damage    Failure   Level
a - Shock                 Conj/Air       60%        1d6       3%          1
b - Static Discharge      Conj/Air       15%        N/A       5%          2
c - Swiftness             Air            21%        N/A       6%          3

Your spell library contained the following spells:

 Spells                   Type           Power      Damage    Failure   Level
 Ensorcelled Hibernation  Hex/Ice        4%         N/A       26%         2
 Passwall                 Tmut/Erth      1%         N/A       26%         2
 Airstrike                Air            10%        N/A       21%         4
 Dazzling Flash           Conj/Hex       12%        N/A       30%         3
 Silence                  Hex/Air        5%         N/A       85%         5
 Agony                    Necr           2%         N/A       99%         5


Dungeon Overview and Level Annotations

Branches:
Dungeon (4/15)
 Temple: D:4-7

Altars:
Dithmenos
Makhleb

Shops:
D:1 *   D:2 !

Annotations:
D:4 Menkaure, Natasha


Innate Abilities, Weirdness & Mutations

You have a beak for a mouth.
You have claws for feet.


Message History

Menkaure gestures at you while chanting.
Pain shoots through your body!
The howler monkey hoots and howls with incredible vigour!
You hear a shout! x9
Natasha howls an incantation.
Natasha shimmers violently.
You hear a zap.
You hear a grinding noise.
Natasha casts a spell.
The crimson imp laughs crazily.
Natasha casts a spell.
The howler monkey hoots and howls with incredible vigour!
The crimson imp blinks!
You hear a shout!
You closely miss the crimson imp. Your kick misses the crimson imp.
Menkaure casts a spell.
Menkaure seems to speed up.
The crimson imp blinks!
The howler monkey closely misses you. The crimson imp hits you.
Casting: Shock (safe; 3% risk of failure)
Confirm with . or Enter, or press ? or * to list all spells.
The howler monkey is struck by an arc of lightning!
The howler monkey is severely wounded.
The lightning grounds out.
The crimson imp is struck by an arc of lightning!
The crimson imp is heavily wounded.
You are struck by an arc of lightning.
The lightning grounds out.
Menkaure rustles in an indecipherable tongue.
The howler monkey hits you.
* * * LOW HITPOINT WARNING * * *
The crimson imp hits you.
* * * LOW HITPOINT WARNING * * *
Casting: Static Discharge (safe; 5% risk of failure)
Confirm with . or Enter, or press ? or * to list all spells.
The howler monkey is struck by an arc of lightning!
You kill the howler monkey!
You are struck by an arc of lightning.
* * * LOW HITPOINT WARNING * * *
The lightning grounds out.
The white imp gestures at you. The puff of frost hits you.
You die...

. . #. ####.####
........###########.###
........gMh5...@5......
#######.5########ยง#.###
####'## # #...h.#
#.....# . #.....## .
#####..# . ##o# #g#


.gl You could see Menkaure (fast), Natasha, 2 crimson imps, a white imp
(summoned) and a hobgoblin.

Vanquished Creatures
  A howler monkey (D:4)
  4 adders
  A worm (D:3)
  A dart slug (D:2)
  An orc (D:3)
  4 endoplasms
  2 giant cockroaches (D:2)
  4 hobgoblins
  5 jackals
  2 quokkas (D:3)
  4 ball pythons
  3 bats
  3 frilled lizards
  10 goblins
  5 kobolds
  7 rats
57 creatures vanquished.

Vanquished Creatures (others)
  3 demonic plants (D:2)
  8 fungi (D:2)
  6 plants (D:2)
17 creatures vanquished.

Grand Total: 74 creatures vanquished

Notes
Turn   | Place    | Note
-------+----------+-------------------------------------------
     0 | D:1      | Zeld the Tengu Air Elementalist began the quest for the
                  | Orb.
     0 | D:1      | Reached XP level 1. HP: 10/10 MP: 4/4
   402 | D:1      | Found Boydaj's Assorted Antiques.
   432 | D:1      | Reached XP level 2. HP: 15/15 MP: 4/6
  1482 | D:2      | Found Loijuumo's Distillery.
  1538 | D:2      | Reached XP level 3. HP: 19/19 MP: 0/7
  1541 | D:2      | Learned a level 2 spell: Static Discharge
  1545 | D:2      | Learned a level 3 spell: Swiftness
  2270 | D:2      | Found a faded altar of an unknown god.
  2542 | D:2      | Reached XP level 4. HP: 14/24 MP: 0/9
  3206 | D:3      | Found a shadowy altar of Dithmenos.
  3250 | D:3      | Reached skill level 5 in Air Magic
  3618 | D:3      | Found a burning altar of Makhleb.
  3891 | D:4      | Noticed Natasha
  3908 | D:4      | Noticed Menkaure
  3921 | D:4      | Killed from afar by a white imp

Illustrated notes

Levels and vault maps discovered:
D:1:      onia_arrival_mini_maze, layout_loops_cross, serial_shops, shop,
          lemuel_flame_loot_1
D:2:      layout_basic, serial_shops, nicolae_shop_stone,
          shapermc_ecumenical_altar_gd
D:3:      layout_basic, demons_altar, mainiacjoe_overflow_alcove_2
D:4:      layout_basic, mainiacjoe_overflow_cross_hatched,
          okawaru_altar_gauntlet_db, xom_confusion_cloud, uniq_ijyb,
          uniq_natasha, uniq_robin, uniq_menkaure

Skill      XL: |  1  2  3  4 |
---------------+-------------+-----
Conjurations   | 2 |  2.2
Air Magic      | 5 |  5.1
Dodging        | |  2.8
Stealth        | |  2.5
Spellcasting   | |  2.9

Action                   |  1- 3 |  4- 6 || total
-------------------------+-------+-------++-------
Melee: Unarmed           |    12 |     1 ||    13
       Peck              |     2 |       ||     2
       Kick              |     3 |       ||     3
 Cast: Shock             |    63 |    47 ||   110
       Static Discharge  |     2 |     2 ||     4
Armor: Robe              |     8 |       ||     8
Dodge: Dodged            |    20 |     3 ||    23
